Map: Newkirk Precinct TE (Void)

Players

Tesserakt

  • Race: Zerg Zerg
  • League: Master
  • Spawn Location: 7:00

Railgan - Winner!

  • Race: Protoss Protoss
  • League: Grandmaster
  • Spawn Location: 5:00

VOD

Have the link to the VOD?

Description

Time

  • Played on: March 18, 2017, 3:46 p.m.
  • Length: 5:48
Show
View Real Time Build Order
Export as new Build Order

Tesserakt Zerg 

Build Orders: Hatch First, Ravager All-In 

Get SALT Encoding   

  12  0:00  Drone  
  13  0:12  Overlord  
  13  0:17  Drone  
  14  0:31  Drone  
  14  0:32  Drone  
  14  0:34  Drone  
  17  0:54  Hatchery  
  16  0:57  Drone  
  16  0:59  Drone  
  18  1:12  Extractor  
  18  1:14  Spawning Pool  
  18  1:17  Drone  
  17  1:21  Drone  
  18  1:31  Drone  
  19  1:38  Overlord  
  19  1:49  Drone  
  20  2:01  Queen  
  20  2:02  Zergling x2  
  22  2:11  Roach Warren, Zergling x2  
  22  2:26  Extractor, Drone  
  22  2:32  Drone  
  23  2:43  Drone  
  24  2:57  Roach  
  26  3:00  Roach  
  28  3:22  Ravager  
  28  3:23  Overlord x4  
  29  3:27  Ravager  
  30  3:40  Queen  
  32  3:50  Roach x2  
  32  3:54  Roach  
  38  4:04  Roach x3  
  44  4:13  Roach  
  44  4:20  Ravager x2  
  44  4:23  Roach  
  48  4:27  Ravager x2  
  50  4:34  Roach  
  47  4:49  Roach x3  
  52  4:57  Roach x2  
  56  5:11  Drone x2  
  56  5:13  Hatchery  
  57  5:18  Zergling x2  
  58  5:27  Overlord  
Show
View Real Time Build Order
Export as new Build Order

Railgan Protoss - Winner!

Build Orders: Cannon Rush 

Get SALT Encoding   

  12  0:01  Probe (Chrono Boost)  
  13  0:12  Probe (Chrono Boost)  
  14  0:19  Pylon  
  14  0:22  Probe (Chrono Boost)  
  15  0:37  Probe (Chrono Boost)  
  15  0:39  Forge  
  16  0:47  Probe (Chrono Boost)  
  17  0:58  Probe (Chrono Boost)  
  17  1:01  Pylon  
  18  1:08  Probe (Chrono Boost)  
  19  1:19  Probe (Chrono Boost)  
  19  1:21  Photon Cannon  
  20  1:26  Pylon  
  20  1:29  Probe (Chrono Boost)  
  21  1:45  Assimilator  
  21  1:48  Photon Cannon  
  21  1:54  Photon Cannon  
  21  2:01  Gateway  
  21  2:02  Probe (Chrono Boost)  
  22  2:15  Assimilator  
  22  2:16  Probe (Chrono Boost)  
  22  2:17  Pylon  
  23  2:27  Probe (Chrono Boost)  
  23  2:29  Photon Cannon  
  24  2:36  Pylon  
  24  3:04  Zealot  
  24  3:05  Cybernetics Core  
  26  3:10  Cybernetics Core, Probe (Chrono Boost)  
  27  3:15  Photon Cannon  
  27  3:20  Probe (Chrono Boost)  
  28  3:34  Photon Cannon  
  28  3:47  Probe (Chrono Boost)  
  28  3:51  Stargate  
  28  3:52  Warp Gate, Stargate  
  30  3:57  Probe (Chrono Boost)  
  30  4:00  Stalker  
  31  4:19  Nexus  
  31  4:25  Pylon  
  31  4:36  Probe (Chrono Boost)  
  31  4:37  Void Ray  
  34  4:52  Gateway  
  34  4:56  Probe (Chrono Boost)  
  37  5:10  Mothership Core (Chrono Boost)  
  37  5:11  Pylon  
  37  5:16  Photon Cannon  
  37  5:20  Pylon  
Tags
 
Add a new tag
Caveats
  • Supply blocks, unpowered buildings, or Contaminate may cause inaccurate times.
  • Supply counts are checked every 10 seconds.